HSSL
MOUNTAIN POINTE HS @ FRESNO HS RED WINGS
04/12/2026
 
TOP OF THE 1ST
Mountain Pointe HS batting - Pitching for Fresno HS Red Wings : RHP Sean Williams
Pitching: RHP Sean Williams
Batting: RHB Charlie Pérez 0-0: Fly out, F8 (Flyball, 8LM)
Batting: RHB Troy Legge 0-0: Called Strike
0-1: Ball
1-1: Ball
2-1: Ball
3-1: Foul Ball, location: 2F
3-2: Foul Ball, location: 2F
3-2: Base on Balls
Batting: RHB Ben Wilson 0-0: Ball
1-0: Ball
2-0: Ball
3-0: Base on Balls
Troy Legge to second
Batting: RHB Marshall Gross 0-0: Ball
Wild Pitch!
Troy Legge to third
Ben Wilson to second
1-0: Called Strike
1-1: Swinging Strike
1-2: Foul Ball, location: 2F
1-2: Ball
2-2: Ball
3-2: Base on Balls
Batting: LHB Rob Johnson 0-0: Foul Ball, location: 2F
0-1: Ball
1-1: Ball
2-1: Fly out, F6 (Line Drive, 6)
Batting: RHB Ashton Murray 0-0: Ball
1-0: Fly out, F3 (Popup, 3L)
Top of the 1st over - 0 run(s), 0 hit(s), 0 error(s), 3 left on base; Mountain Pointe HS 0 - Fresno HS 0
BOTTOM OF THE 1ST
Fresno HS Red Wings batting - Pitching for Mountain Pointe HS : LHP Cedric Duncan
Pitching: LHP Cedric Duncan
Batting: RHB Chris Osborn 0-0: Swinging Strike
0-1: Foul Ball, location: 2F
0-2: Foul Ball, location: 2F
0-2: Fly out, F9 (Line Drive, 9S)
Batting: LHB Julián Echevarría 0-0: Foul Ball, location: 2F
0-1: Ground out 1-3 (Groundball, 13)
Batting: RHB Jack Hogan 0-0: Ball
1-0: Called Strike
1-1: Foul Ball, location: 2F
1-2: Foul Ball, location: 2F
1-2: Strikes out swinging
Bottom of the 1st over - 0 run(s), 0 hit(s), 0 error(s), 0 left on base; Mountain Pointe HS 0 - Fresno HS 0
TOP OF THE 2ND
Mountain Pointe HS batting - Pitching for Fresno HS Red Wings : RHP Sean Williams
Batting: RHB Bill Sharp 0-0: Ball
1-0: Ball
2-0: Ball
3-0: Called Strike
3-1: Swinging Strike
3-2: Base on Balls
Batting: SHB Paul Campbell 0-0: Foul Ball, location: 2F
0-1: Fly out, F9 (Flyball, 89M)
Batting: RHB Richard Bass 0-0: Called Strike
0-1: Ball
1-1: Swinging Strike
1-2: 2-RUN HOME RUN (Flyball, 89XD), Distance : 366 ft
Batting: RHB Charlie Pérez 0-0: Called Strike
0-1: Called Strike
0-2: Foul Ball, location: 2F
0-2: Foul Ball, location: 2F
0-2: Ball
1-2: Ball
2-2: Ball
3-2: Foul Ball, location: 2F
3-2: Strikes out swinging
Batting: RHB Troy Legge 0-0: Ground out 6-3 (Groundball, 6M)
Top of the 2nd over - 2 run(s), 1 hit(s), 0 error(s), 0 left on base; Mountain Pointe HS 2 - Fresno HS 0
BOTTOM OF THE 2ND
Fresno HS Red Wings batting - Pitching for Mountain Pointe HS : LHP Cedric Duncan
Batting: RHB Juan Bruno 0-0: Ball
1-0: Ball
2-0: Fly out, F9 (Flyball, 9LD)
Batting: RHB Ward Dempsey 0-0: Ball
1-0: Ball
2-0: Called Strike
2-1: Ground out 4-3 (Groundball, 4)
Batting: RHB Bobby Burks 0-0: Ball
1-0: Foul Ball, location: 2F
1-1: Ball
2-1: Foul Ball, location: 2F
2-2: Ball
3-2: Foul Ball, location: 2F
3-2: Foul Ball, location: 2F
3-2: Strikes out swinging
Bottom of the 2nd over - 0 run(s), 0 hit(s), 0 error(s), 0 left on base; Mountain Pointe HS 2 - Fresno HS 0
TOP OF THE 3RD
Mountain Pointe HS batting - Pitching for Fresno HS Red Wings : RHP Sean Williams
Batting: RHB Ben Wilson 0-0: SINGLE (Groundball, 5D)
Batting: RHB Marshall Gross 0-0: Called Strike
0-1: Swinging Strike
0-2: Fly out, F8 (Flyball, 8RM)
Batting: LHB Rob Johnson 0-0: Called Strike
0-1: Foul Ball, location: 2F
0-2: Strikes out swinging
Batting: RHB Ashton Murray 0-0: Ball
1-0: Ball
2-0: Called Strike
2-1: Ground out U3 (Groundball, 3S)
Top of the 3rd over - 0 run(s), 1 hit(s), 0 error(s), 1 left on base; Mountain Pointe HS 2 - Fresno HS 0
BOTTOM OF THE 3RD
Fresno HS Red Wings batting - Pitching for Mountain Pointe HS : LHP Cedric Duncan
Batting: RHB Johnny Carson 0-0: Fly out, F3 (Popup, 3F)
Batting: RHB Drew Rice 0-0: Ball
1-0: Fly out, F8 (Flyball, 8LM)
Batting: RHB Harvey Willis 0-0: Ball
1-0: Ground out 6-3 (Groundball, 6)
Bottom of the 3rd over - 0 run(s), 0 hit(s), 0 error(s), 0 left on base; Mountain Pointe HS 2 - Fresno HS 0
TOP OF THE 4TH
Mountain Pointe HS batting - Pitching for Fresno HS Red Wings : RHP Sean Williams
Batting: RHB Bill Sharp 0-0: Ball
1-0: Ground out 3-1 (Groundball, 34)
Batting: SHB Paul Campbell 0-0: Ball
1-0: Ball
2-0: SINGLE (Line Drive, 6D)
Batting: RHB Richard Bass 0-0: Ball
1-0: Foul Ball, location: 2F
1-1: Foul Ball, location: 2F
1-2: Fly out, F8 (Flyball, 8LM)
Batting: RHB Charlie Pérez 0-0: Called Strike
0-1: Called Strike
0-2: Foul Ball, location: 2F
0-2: Foul Ball, location: 2F
0-2: Ball
Paul Campbell is caught stealing 2nd base
Top of the 4th over - 0 run(s), 1 hit(s), 0 error(s), 0 left on base; Mountain Pointe HS 2 - Fresno HS 0
BOTTOM OF THE 4TH
Fresno HS Red Wings batting - Pitching for Mountain Pointe HS : LHP Cedric Duncan
Batting: RHB Chris Osborn 0-0: SOLO HOME RUN (Line Drive, 7D), Distance : 350 ft
Batting: LHB Julián Echevarría 0-0: Ball
1-0: Foul Ball, location: 2F
1-1: Swinging Strike
1-2: Strikes out looking
Batting: RHB Jack Hogan 0-0: Swinging Strike
0-1: Ball
1-1: Swinging Strike
1-2: Ball
2-2: Foul Ball, location: 2F
2-2: Ball
3-2: Strikes out swinging
Batting: RHB Juan Bruno 0-0: Called Strike
0-1: Fly out, F8 (Flyball, 8RS)
Bottom of the 4th over - 1 run(s), 1 hit(s), 0 error(s), 0 left on base; Mountain Pointe HS 2 - Fresno HS 1
TOP OF THE 5TH
Mountain Pointe HS batting - Pitching for Fresno HS Red Wings : RHP Sean Williams
Batting: RHB Charlie Pérez 0-0: Ball
1-0: Fly out, F8 (Flyball, 8RM)
Batting: RHB Troy Legge 0-0: Called Strike
0-1: Ball
1-1: SINGLE (Line Drive, 7S)
Batting: RHB Ben Wilson 0-0: Ball
1-0: Fly out, F8 (Flyball, 8LM)
Batting: RHB Marshall Gross 0-0: Ball
Troy Legge steals 2nd base
1-0: Swinging Strike
1-1: Ball
2-1: Ball
3-1: 2-RUN HOME RUN (Flyball, 9D), Distance : 339 ft
Batting: LHB Rob Johnson 0-0: Called Strike
0-1: Ball
1-1: Foul Ball, location: 2F
1-2: Foul Ball, location: 2F
1-2: Ball
2-2: Ball
3-2: SINGLE (Line Drive, 6MD)
Pitching: RHP Jake Gregory
Batting: RHB Ashton Murray 0-0: Ball
1-0: Called Strike
1-1: Ball
2-1: Fielders Choice at 2nd, U4 (Groundball, 4M)
Top of the 5th over - 2 run(s), 3 hit(s), 0 error(s), 1 left on base; Mountain Pointe HS 4 - Fresno HS 1
BOTTOM OF THE 5TH
Fresno HS Red Wings batting - Pitching for Mountain Pointe HS : LHP Cedric Duncan
Batting: RHB Ward Dempsey 0-0: Ball
1-0: Ball
2-0: Called Strike
2-1: Ball
3-1: Called Strike
3-2: Fly out, F8 (Flyball, 8LM)
Batting: RHB Bobby Burks 0-0: Ball
1-0: Called Strike
1-1: Ball
2-1: Foul Ball, location: 2F
2-2: Ball
3-2: Strikes out swinging
Batting: RHB Johnny Carson 0-0: Called Strike
0-1: Called Strike
0-2: Ball
1-2: Strikes out looking
Bottom of the 5th over - 0 run(s), 0 hit(s), 0 error(s), 0 left on base; Mountain Pointe HS 4 - Fresno HS 1
TOP OF THE 6TH
Mountain Pointe HS batting - Pitching for Fresno HS Red Wings : RHP Jake Gregory
Batting: RHB Bill Sharp 0-0: Ball
1-0: Ball
2-0: Called Strike
2-1: Foul Ball, location: 2F
2-2: Fly out, F8 (Flyball, 89M)
Batting: SHB Paul Campbell 0-0: Ball
1-0: Ball
2-0: Ball
3-0: Foul Ball, location: 2F
3-1: Base on Balls
Batting: RHB Richard Bass 0-0: Ball
1-0: Ball
2-0: Ball
3-0: Called Strike
3-1: Base on Balls
Paul Campbell to second
Batting: RHB Charlie Pérez 0-0: SINGLE (Line Drive, 8RS)
Paul Campbell to third
Richard Bass to second
Runner from 3rd tries for Home, SAFE, no throw or cutoff
Batting: RHB Troy Legge 0-0: Called Strike
0-1: Ball
1-1: DOUBLE (Groundball, 5L)
Richard Bass scores
Charlie Pérez to third
Batting: RHB Ben Wilson 0-0: Foul Ball, location: 2F
0-1: Ball
1-1: Fly out, F8 (Flyball, 8RM)
Runner from 3rd tags up, SCORES, no throw
Batting: RHB Marshall Gross 0-0: Swinging Strike
0-1: Swinging Strike
0-2: Fly out, F9 (Flyball, 89M)
Top of the 6th over - 3 run(s), 2 hit(s), 0 error(s), 1 left on base; Mountain Pointe HS 7 - Fresno HS 1
BOTTOM OF THE 6TH
Fresno HS Red Wings batting - Pitching for Mountain Pointe HS : LHP Cedric Duncan
Batting: RHB Drew Rice 0-0: Reached on error, E5 (Groundball, 56S)
Batting: RHB Harvey Willis 0-0: Ground out 1-3 (Groundball, 13)
Drew Rice to third
Batting: RHB Chris Osborn 0-0: Called Strike
0-1: Ball
1-1: Foul Ball, location: 2F
1-2: Ball
2-2: Strikes out swinging
Batting: LHB Julián Echevarría 0-0: Swinging Strike
0-1: Ball
1-1: Swinging Strike
1-2: Ball
2-2: Strikes out swinging
Bottom of the 6th over - 0 run(s), 0 hit(s), 1 error(s), 1 left on base; Mountain Pointe HS 7 - Fresno HS 1
TOP OF THE 7TH
Mountain Pointe HS batting - Pitching for Fresno HS Red Wings : RHP Jake Gregory
Batting: LHB Rob Johnson 0-0: Ball
1-0: Ball
2-0: Called Strike
2-1: Called Strike
2-2: Foul Ball, location: 2F
2-2: Foul Ball, location: 2F
2-2: Foul Ball, location: 2F
2-2: Ball
3-2: Base on Balls
Batting: RHB Ashton Murray 0-0: Swinging Strike
0-1: Swinging Strike
0-2: Strikes out swinging
Pitching: RHP Freddie Robinson
Batting: RHB Bill Sharp 0-0: Called Strike
0-1: Swinging Strike
0-2: Foul Ball, location: 2F
0-2: Ball
1-2: Ball
Wild Pitch!
Rob Johnson to second
2-2: Foul Ball, location: 2F
2-2: Ball
3-2: Strikes out swinging
Batting: SHB Paul Campbell 0-0: Ball
1-0: Fly out, F7 (Flyball, 7S)
Top of the 7th over - 0 run(s), 0 hit(s), 0 error(s), 1 left on base; Mountain Pointe HS 7 - Fresno HS 1
BOTTOM OF THE 7TH
Fresno HS Red Wings batting - Pitching for Mountain Pointe HS : LHP Cedric Duncan
Batting: RHB Jack Hogan 0-0: Ball
1-0: Ground out 5-3 (Groundball, 56)
Batting: RHB Juan Bruno 0-0: Called Strike
0-1: Called Strike
0-2: Strikes out swinging
Batting: RHB Ward Dempsey 0-0: Ball
1-0: Ground out 5-3 (Groundball, 5S)
Bottom of the 7th over - 0 run(s), 0 hit(s), 0 error(s), 0 left on base; Mountain Pointe HS 7 - Fresno HS 1
TOP OF THE 8TH
Mountain Pointe HS batting - Pitching for Fresno HS Red Wings : RHP Freddie Robinson
Batting: RHB Richard Bass 0-0: Ball
1-0: Swinging Strike
1-1: Ball
2-1: Foul Ball, location: 2F
2-2: Foul Ball, location: 2F
2-2: Ball
3-2: Base on Balls
Batting: RHB Charlie Pérez 0-0: Foul Ball, location: 2F
0-1: Bunted foul
0-2: SINGLE (Line Drive, 9LS)
Richard Bass to second
Runner from 2nd tries for 3rd, SAFE, no throw or cutoff
Batting: RHB Troy Legge 0-0: Swinging Strike
0-1: Swinging Strike
0-2: SINGLE (Groundball, 5D)
Richard Bass scores
Charlie Pérez to second
Batting: RHB Ben Wilson 0-0: Called Strike
Throwing error on steal attempt, E2
Charlie Pérez scores
Troy Legge to third
0-1: 2-RUN HOME RUN (Flyball, 7D), Distance : 359 ft
Batting: RHB Marshall Gross 0-0: SINGLE (Flyball, 8RS)
Batting: LHB Rob Johnson 0-0: Called Strike
0-1: Called Strike
Marshall Gross is caught stealing 2nd base
0-2: Ball
1-2: Ground out 5-3 (Groundball, 5S)
Batting: RHB Ashton Murray 0-0: Called Strike
0-1: Fly out, F4 (Popup, 4D)
Top of the 8th over - 4 run(s), 4 hit(s), 1 error(s), 0 left on base; Mountain Pointe HS 11 - Fresno HS 1
BOTTOM OF THE 8TH
Fresno HS Red Wings batting - Pitching for Mountain Pointe HS : LHP Cedric Duncan
Pitching: RHP Carl Brady
Now in CF: Ambrosio Hernández
Batting: RHB Bobby Burks 0-0: Called Strike
0-1: Ball
1-1: Ball
2-1: Swinging Strike
2-2: Fly out, F9 (Flyball, 9S)
Batting: RHB Johnny Carson 0-0: Ball
1-0: Foul Ball, location: 2F
1-1: Foul Ball, location: 2F
1-2: Fly out, F8 (Line Drive, 8RM)
Batting: RHB Drew Rice 0-0: Ball
1-0: Foul Ball, location: 2F
1-1: Ball
2-1: DOUBLE (Flyball, 78M)
Batting: RHB Harvey Willis 0-0: Ball
1-0: Called Strike
1-1: Swinging Strike
1-2: Ball
2-2: Ball
3-2: Base on Balls
Batting: RHB Chris Osborn 0-0: Called Strike
0-1: Fly out, F9 (Flyball, 89M)
Bottom of the 8th over - 0 run(s), 1 hit(s), 0 error(s), 2 left on base; Mountain Pointe HS 11 - Fresno HS 1
TOP OF THE 9TH
Mountain Pointe HS batting - Pitching for Fresno HS Red Wings : RHP Freddie Robinson
Batting: RHB Bill Sharp 0-0: Ball
1-0: Ball
2-0: Ball
3-0: Called Strike
3-1: Swinging Strike
3-2: Base on Balls
Batting: SHB Paul Campbell 0-0: Sac Bunt - play at first, batter OUT! 1-3
Bill Sharp to second
Batting: RHB Richard Bass 0-0: Ball
1-0: Ball
2-0: Ball
3-0: Called Strike
3-1: Base on Balls
Batting: RHB Charlie Pérez 0-0: Ball
1-0: SINGLE (Groundball, 4MD)
Bill Sharp to third
Richard Bass to second
Runner from 3rd tries for Home, SAFE, throw made at trailing runner, OUT at third!
Pitching: RHP Gabriel García
Batting: RHB Troy Legge 0-0: Foul Ball, location: 2F
0-1: Ball
1-1: Swinging Strike
1-2: Ball
2-2: Fly out, F9 (Flyball, 89M)
Top of the 9th over - 1 run(s), 1 hit(s), 0 error(s), 1 left on base; Mountain Pointe HS 12 - Fresno HS 1
BOTTOM OF THE 9TH
Fresno HS Red Wings batting - Pitching for Mountain Pointe HS : RHP Carl Brady
Batting: LHB Julián Echevarría 0-0: SINGLE (Groundball, 34)
Batting: RHB Jack Hogan 0-0: Ball
1-0: Called Strike
1-1: Fly out, F5 (Line Drive, 5L)
Batting: RHB Juan Bruno 0-0: Ball
1-0: Swinging Strike
1-1: Fly out, F6 (Line Drive, 6D)
Batting: RHB Ward Dempsey 0-0: Called Strike
0-1: Ball
1-1: Fly out, F6 (Popup, 6MD)
Bottom of the 9th over - 0 run(s), 1 hit(s), 0 error(s), 1 left on base; Mountain Pointe HS 12 - Fresno HS 1
Monday, December 5th, 2016 - OOTP Baseball 17.12 Build 75